 Dungeon Crawl Stone Soup version 0.31-a0-44-g49d609d0da (webtiles) character file.

Game seed: 16171129411473517962

32 pk666 the Firebug (level 3, 0/19 HPs)
             Began as a Deep Elf Fire Elementalist on May 21, 2023.
             Succumbed to a goblin's poison
             ... on level 2 of the Dungeon.
             The game lasted 00:01:56 (1705 turns).

pk666 the Firebug (Deep Elf Fire Elementalist)      Turns: 1705, Time: 00:01:57

Health: 0/19       AC:  3    Str:  5    XL:     3   Next: 10%
Magic:  7/10       EV: 13    Int: 21    God:
Gold:   75         SH:  0    Dex: 15    Spells: 6/9 levels left

rFire   . . .        c - +0 dagger
rCold   . . .        (no shield)
rNeg    . . .        a - +0 robe
rPois   .            (no helmet)
rElec   .            e - +0 cloak
rCorr   .            (no gloves)
SInv    .            (no boots)
Will    .....        (no amulet)
Stlth   ++           (no ring)
HPRegen 0.23/turn    (no ring)
MPRegen 0.12/turn

%: no passive effects
@: lethally poisoned (0 -> -11)
A: no striking features
a: no special abilities


You were on level 2 of the Dungeon.
You visited 1 branch of the dungeon, and saw 2 of its levels.

You collected 75 gold pieces.

Inventory:

Hand Weapons
 c - a +0 dagger (weapon)
Armour
 a - a +0 robe (worn)
 e - a +0 cloak (worn)
Scrolls
 g - 3 scrolls of immolation {unknown}
Potions
 b - a potion of magic
 f - a potion of degeneration {unknown}


   Skills:
 + Level 3.1 Dodging
 - Level 2.4 Stealth
 + Level 3.5 Spellcasting
 + Level 1.8 Conjurations
 + Level 3.7 Fire Magic


You had 6 spell levels left.
You knew the following spells:

 Your Spells              Type           Power      Damage    Failure   Level
a - Foxfire               Conj/Fire      60%        2x1d7     4%          1
b - Scorch                Fire           38%        2d7       4%          2

Your spell library contained the following spells:

 Spells                   Type           Power      Damage    Failure   Level
 Inner Flame              Hex/Fire       11%        N/A       17%         3
 Volatile Blastmotes      Fire/Tloc      22%        2d11      17%         3
 Flame Wave               Conj/Fire      15%        2d7       36%         4


Dungeon Overview and Level Annotations

Branches:
Dungeon (2/15)

Altars:

Annotations:
D:2 Robin


Message History

The goblin shouts!
You hear a shout!
The foxfire hits the goblin.
You kill the goblin!
Robin says, "Bow before me, strongest of all the hobgoblins!"
A goblin comes into view. It is wielding a +0 club.
Robin throws the goblin at you! The goblin barely misses you.
The goblin attacks as you move away! The goblin closely misses you.
The foxfire hits Robin.
Robin is lightly wounded.
The foxfire hits Robin but does no damage.
Robin is lightly wounded.
Robin throws the goblin at you! The goblin attacks as you move away!
The goblin hits you with a +0 club.
An endoplasm comes into view.
The goblin attacks as you move away! The goblin hits you but does no damage.
The goblin attacks as you move away!
The goblin hits you with a +2 dagger of venom.
You are poisoned.
You feel very sick. The goblin attacks as you move away!
The goblin hits you but does no damage.
You feel sick. The goblin attacks as you move away!
The goblin hits you but does no damage.
You are lethally poisoned!
* * * LOW HITPOINT WARNING * * *
You feel very sick. The goblin attacks as you move away!
The goblin barely misses you.
A goblin comes into view. It is wielding a +0 dagger.
* * * LOW HITPOINT WARNING * * *
You feel very sick.
It was a potion of curing.
You feel better. The goblin barely misses you.
A goblin comes into view. It is wielding a +0 dagger.
Casting: Foxfire (safe; 4% risk of failure)
Confirm with . or Enter, or press ? or * to list all spells.
You conjure some foxfire!
The goblin shouts!
You hear an angry hiss.
A goblin comes into view. It is wielding a +0 club.
The goblin hits you with a +2 dagger of venom.
You are lethally poisoned!
The goblin hits you with a +0 club.
* * * LOW HITPOINT WARNING * * *
You die...

.........# #.......##.#
.#.#####.#####..##.#.##.#
#..........##.#.##.#
#.#.##.............#
#.#.###.....###.####
#.....##........#
###.#.####..#####
.#######.#.# #.
.......v@#.# #
.#####.vgg.#
.........#### .#####g#.#
≈# #.#.##≈#
J..##.#g#≈≈###.>
#..g....≈≈.....
......#..≈≈.###.
.#######..~~.##


You could see Robin and 4 goblins.

Vanquished Creatures
  A dart slug (D:1)
  2 ball pythons
  6 bats
  3 endoplasms
  2 giant cockroaches (D:1)
  4 goblins
  A hobgoblin (D:2)
  4 kobolds
  2 frilled lizards (D:1)
  2 rats (D:1)
27 creatures vanquished.

Vanquished Creatures (collateral kills)
  2 foxfires (D:1)
2 creatures vanquished.

Vanquished Creatures (others)
  119 foxfires
119 creatures vanquished.

Grand Total: 148 creatures vanquished

Notes
Turn   | Place    | Note
-------+----------+-------------------------------------------
     0 | D:1      | pk666 the Deep Elf Fire Elementalist began the quest for
                  | the Orb.
     0 | D:1      | Reached XP level 1. HP: 10/10 MP: 6/6
   352 | D:1      | Reached XP level 2. HP: 15/15 MP: 2/8
   429 | D:1      | Learned a level 2 spell: Scorch
  1145 | D:1      | Found a faded altar of an unknown god.
  1646 | D:2      | Reached XP level 3. HP: 19/19 MP: 8/10
  1691 | D:2      | Noticed Robin
  1705 | D:2      | Succumbed to a goblin's poison

Illustrated notes

Levels and vault maps discovered:
D:1:      wander_arrival_fairy_ring, layout_basic,
          dreamdust_ecumenical_altar_hidden_monk_grotto,
          minmay_misc_feat_encased, minivault_26
D:2:      wander_river, layout_loops_ring, serial_rivers,
          chequers_serial_rivers_small_3, chequers_serial_rivers_micro_a,
          chequers_serial_rivers_small_b, chequers_serial_rivers_micro_c,
          uniq_robin

Skill      XL: |  1  2 |
---------------+-------+-----
Dodging        | 3 |  3.1
Stealth        | |  2.4
Spellcasting   | |  3.5
Conjurations   | |  1.8
Fire Magic     | |  3.7

Action                     || total
---------------------------++-------
   Cast: Foxfire           ||    73
    Use: Potion            ||     1
 Armour: Robe              ||     6
  Dodge: Dodged            ||    15

Table legend: (Time is in decaauts)
 A = Elapsed time spent in this place.
 B = Non-inter-level travel time spent in this place.
 C = Inter-level travel time spent in this place.
 D = Time resting spent in this place.
 E = Time spent auto-exploring this place.
 F = Levels seen in this place.
 G = Mean time per level.
                   A        B        C        D        E       F      G
               +--------+--------+--------+--------+--------+-----+--------+
         Total |   1704 |   1661 |     43 |      6 |   1422 |   2 |  852.0 |
       Dungeon |   1704 |   1661 |     43 |      6 |   1422 |   2 |  852.0 |
               +--------+--------+--------+--------+--------+-----+--------+

Top non-repeatable levels by time:
     D:1: 1405 daAuts
     D:2: 299 daAuts
